 Dungeon Crawl Stone Soup version 0.23.2-30-g0e89c35649 (webtiles) character file.

Game seed: 12808755157036474164

158 Aldia the Poker (level 5, -4/41 HPs)
             Began as a Merfolk Skald on June 10, 2019.
             Killed from afar by an orc wizard (12 damage)
             ... with a puff of flame
             ... on level 3 of the Dungeon.
             The game lasted 00:08:32 (2400 turns).

Aldia the Poker (Merfolk Skald)                     Turns: 2400, Time: 00:08:33

Health: -4/41      AC:  3    Str: 11    XL:     5   Next: 39%
Magic:  6/8        EV: 13    Int: 13    God:
Gold:   189        SH:  0    Dex: 14    Spells: 2/8 levels left

rFire    . . .     SeeInvis .   a - +0 spear
rCold    . . .     Gourm    .   (no shield)
rNeg     . . .     Faith    .   b - +0 leather armour
rPois    .         Spirit   .   (no helmet)
rElec    .         Reflect  .   c - scarf {cloud immunity}
rCorr    .         Harm     .   (no gloves)
MR       .....                  (no boots)
Stlth    +.........             (no amulet)
HPRegen  0.13/turn              (no ring)
MPRegen  0.11/turn              (no ring)

@: shrouded, infused
A: change form in water, swift swim, stealthy swim
a: no special abilities


You were on level 3 of the Dungeon.
You were hungry.

You visited 1 branch of the dungeon, and saw 3 of its levels.

You collected 189 gold pieces.

Inventory:

Hand Weapons
 a - a +0 spear (weapon)
Armour
 b - a +0 leather armour (worn)
 c - a scarf of cloud immunity (worn)
Scrolls
 g - 2 scrolls of fog {unknown}
 i - a scroll of magic mapping {unknown}
 n - a scroll of immolation {unknown}
Potions
 e - a potion of mutation
 f - a potion of haste
 h - 2 potions of curing
 j - a potion of flight {unknown}
 l - a potion of brilliance {unknown}
Comestibles
 d - 4 rations


   Skills:
 - Level 3.0 Fighting
 * Level 5.8 Polearms
 - Level 1.0 Armour
 - Level 3.0 Dodging
 - Level 2.0 Spellcasting
 - Level 1.0 Hexes
 + Level 3.8 Charms
 - Level 1.0 Translocations


You had 2 spell levels left.
You knew the following spells:

 Your Spells              Type           Power        Failure   Level  Hunger
a - Infusion              Chrm           ##..         7%          1    ##.....
b - Shroud of Golubria    Chrm/Tloc      #.........   19%         2    ###....
c - Spectral Weapon       Hex/Chrm       #.......     36%         3    ####...

Your spell library contained the following spells:

 Spells                   Type           Power        Failure   Level  Hunger
 Song of Slaying          Chrm           ##......     11%         2    ###....
 Regeneration             Chrm/Necr      #.........   41%         3    ####...


Dungeon Overview and Level Annotations

Branches:
Dungeon (3/15)

Altars:


Message History

Okay, then.
Unknown command.
Unknown command.
Unknown command.
Unknown command.
Unknown command.
Unknown command.
Unknown command.
Unknown command.
Unknown command.
Unknown command.
Unknown command.
Unknown command.
Unknown command.
Unknown command.
You barely miss something. Something hits you but does no damage.
You hear some strange, mumbled words.
A puff of flame appears from out of thin air!
The puff of flame hits you!
You die...

.........#
#.#.#
#g####.#.####.
#.%...........
#............#
##..gg.......#
####oo..####
#S#### #{#
#####@#
#.....#
#.##### ####.#
#.(..# #.####
#.# #<# #....#


You could see an adder, 2 orcs, a hobgoblin and a goblin.

Vanquished Creatures
  A hound (D:3)
  7 adders (D:2)
  A gnoll (D:1)
  A worm (D:2)
  A dart slug (D:1)
  An orc (D:3)
  7 ball pythons
  3 giant cockroaches
  2 hobgoblins (D:1)
  2 jackals (D:1)
  3 kobolds
  A quokka (D:2)
  5 bats
  2 frilled lizards (D:1)
  8 goblins
  5 rats
50 creatures vanquished.

Notes
Turn   | Place    | Note
-------+----------+-------------------------------------------
     0 | D:1      | Aldia the Merfolk Skald began the quest for the Orb.
     0 | D:1      | Reached XP level 1. HP: 16/16 MP: 3/3
   365 | D:1      | Reached XP level 2. HP: 23/23 MP: 0/5
   383 | D:1      | Learned a level 2 spell: Shroud of Golubria
   479 | D:1      | Reached skill level 1 in Armour
   593 | D:1      | Reached skill level 4 in Polearms
   655 | D:1      | Reached XP level 3. HP: 28/28 MP: 6/6
   959 | D:2      | Learned a level 3 spell: Spectral Weapon
  1155 | D:2      | Reached XP level 4. HP: 34/35 MP: 1/7
  1179 | D:2      | Reached skill level 5 in Polearms
  1686 | D:2      | Reached skill level 1 in Hexes
  1839 | D:2      | Reached XP level 5. HP: 30/41 MP: 2/8
  2363 | D:3      | Reached skill level 1 in Translocations
  2393 | D:3      | HP: 1/41 [orc wizard/puff of flame (10)]
  2400 | D:3      | Killed from afar by an orc wizard

Skill      XL: |  1  2  3  4  5 |
---------------+----------------+-----
Dodging        | 3 |  3.0
Armour         | 1 |  1.0
Polearms       | 4 5 |  5.8
Fighting       | 3 |  3.0
Hexes          | 1 |  1.0
Translocations | 1 |  1.0
Spellcasting   | |  2.0
Charms         | |  3.8

Action                   |  1- 3 |  4- 6 || total
-------------------------+-------+-------++-------
Melee: Spear             |   127 |    83 ||   210
 Cast: Infusion          |     6 |     6 ||    12
       Shroud of Golubri |     2 |     4 ||     6
  Use: Scroll            |       |     4 ||     4
       Potion            |       |     2 ||     2
 Stab: Sleeping          |     3 |     1 ||     4
  Eat: Chunk             |     1 |     4 ||     5
Armor: Leather armour    |    32 |    12 ||    44
Dodge: Dodged            |    69 |    44 ||   113
